 Dungeon Crawl Stone Soup version 0.17-a0-2074-gaf3f87d (webtiles) character file.

48 Ishikawa the Magician (level 3, -2/25 HPs)
             Began as a Mummy Wizard on Oct 15, 2015.
             Slain by a gnoll
             ... wielding a +0 spear
              (5 damage)
             ... on level 2 of the Dungeon.
             The game lasted 00:06:44 (1066 turns).

Ishikawa the Magician (Mummy Wizard)                Turns: 1066, Time: 00:06:44

Health: -2/25      AC:  2    Str: 10    XL:     3   Next: 50%
Magic:  2/8        EV: 12    Int: 18    God:
Gold:   112        SH:  0    Dex: 10    Spells: 3 memorised, 3 levels left

rFire  x . .     SeeInvis .     e - +1 dagger (venom)
rCold  + . .     Clarity  .     a - +0 robe
rNeg   + + +     SustAt   .     (no shield)
rPois  ∞         Gourm    .     b - +0 hat
rElec  .         Spirit   .     (no cloak)
rCorr  .         Warding  .     (no gloves)
rMut   +         Stasis   .     (no boots)
MR     .....                    f - amulet of resist mutation
Stlth  ++........               (no ring)
                                (no ring)

@: very slightly contaminated, not resistant to hostile enchantments, unstealthy
A: no food or potions, fire vulnerability, cold resistance 1, negative energy
resistance 3, torment resistance, unbreathing
a: no special abilities


You were on level 2 of the Dungeon.
You were not hungry.

You visited 1 branch of the dungeon, and saw 2 of its levels.

You collected 112 gold pieces.

Inventory:

Hand Weapons
 e - a +1 dagger of venom (weapon)
Armour
 a - a +0 robe (worn)
 b - a +0 hat (worn)
Jewellery
 f - an amulet of resist mutation (around neck)
Scrolls
 d - 3 scrolls of identify {unknown}
 g - 5 scrolls of immolation {unknown}
 h - a scroll of teleportation {unknown}
 i - a scroll of remove curse {unknown}
 j - a scroll of amnesia {unknown}
Books
 c - a book of Minor Magic

   Spells                             Type                      Level
   a - Magic Dart                     Conjuration                  1
   b - Blink                          Translocation                2
   c - Call Imp                       Summoning                    2
   d - Repel Missiles                 Charms/Air                   2
   e - Slow                           Hexes                        2
   f - Conjure Flame                  Conjuration/Fire             3
   g - Mephitic Cloud                 Conjuration/Poison/Air       3


   Skills:
 * Level 0.6 Fighting
 + Level 2.0 Dodging
 - Level 1.7 Stealth
 + Level 3.6 Spellcasting
 + Level 1.2 Conjurations
 + Level 0.8 Summonings
   Level 0.7 Translocations


You had 3 spell levels left.
You knew the following spells:

 Your Spells              Type           Power        Failure   Level  Hunger
a - Magic Dart            Conj           #...         12%         1    N/A
b - Call Imp              Summ           #.......     17%         2    N/A
c - Mephitic Cloud        Conj/Pois/Air  #.......     43%         3    N/A

Dungeon Overview and Level Annotations

Branches:
Dungeon (2/15)

Altars:


Innate Abilities, Weirdness & Mutations

You do not eat or drink.
Your flesh is vulnerable to fire.
You are immune to poison.
Your flesh is cold resistant.
You are immune to negative energy.
You are immune to unholy pain and torment.
You can survive without breathing.


Message History

The gnoll shouts!
Casting: Mephitic Cloud
Confirm with . or Enter, or press ? or * to list all spells.
Aiming: Mephitic Cloud
Press: ? - help, Shift-Dir - straight line, f - gnoll
Aim: a gnoll, wielding a spear You miscast Mephitic Cloud.
You are very lightly contaminated with residual magic.
Your bandages stand on end.
The gnoll hits you from afar with a spear!
* * * LOW HITPOINT WARNING * * *
Casting: Mephitic Cloud
Confirm with . or Enter, or press ? or * to list all spells.
Aiming: Mephitic Cloud
Press: ? - help, Shift-Dir - straight line, f/p - gnoll
Aim: a gnoll, wielding a spear The ball explodes into a vile cloud!
The stinking cloud engulfs the gnoll.
The gnoll is engulfed in noxious fumes.
The gnoll hits you from afar with a spear.
You die...

.......# #.# ####### #####
.......#########.# #....[# #....
.......'........># #.....# #.###
.......####.####.# #.....# #.#
.......# #.# #.# #.....###.#
.......# #.# #.# #.....#...#
.<.....# #(####.# #.....#.###
.......## #......####.......###
##......###..##<@§g...........#
#...........#######......###.#
#............g...#.......###.###
###+###....#####.#..#.#..#.≈§≈§#
#........#g####.#..#§#.#§#
#.####......#.#....#..#§#§#§# ..
#......#.#.#######§§§#§# #.#
#......#......).g§§§§§§# ..
##'#########.###########


You could see a gnoll.

Vanquished Creatures
  2 gnolls (D:2)
  2 bats (D:1)
  2 giant cockroaches
  7 goblins
  6 hobgoblins
  5 giant newts
  3 kobolds (D:1)
  4 rats (D:1)
31 creatures vanquished.

Vanquished Creatures (collateral kills)
  A hobgoblin (D:2)
1 creature vanquished.

Grand Total: 32 creatures vanquished

Notes
Turn   | Place    | Note
--------------------------------------------------------------
     0 | D:1      | Ishikawa the Mummy Wizard began the quest for the Orb.
     0 | D:1      | Reached XP level 1. HP: 13/13 MP: 4/4
   228 | D:1      | Reached XP level 2. HP: 4/19 MP: 4/6
   424 | D:1      | Learned a level 2 spell: Call Imp
   528 | D:1      | Reached skill level 1 in Conjurations
   903 | D:2      | Reached XP level 3. HP: 25/25 MP: 7/7
   910 | D:2      | Learned a level 3 spell: Mephitic Cloud
  1066 | D:2      | Slain by a gnoll

Vault maps used:
D:1:      erik_arrival_triangle_medium

Action                   || total
-------------------------++-------
Melee: Dagger            ||    51
 Cast: Magic Dart        ||    25
       Call Imp          ||     2
       Mephitic Cloud    ||     3
 Stab: Sleeping          ||     3
